 Dungeon Crawl Stone Soup version 0.24.1-8-ga250c9d538 (webtiles) character file.

Game seed: 17949092537641833796, levelgen mode: deterministic

82 Lemonice the Charmwright (level 4, 0/38 HPs)
             Began as a Gnoll Skald on Apr 27, 2020.
             Slain by an orc
             ... wielding a +0 war axe
              (10 damage)
             ... on level 3 of the Dungeon.
             The game lasted 00:03:22 (1085 turns).

Lemonice the Charmwright (Gnoll Skald)              Turns: 1085, Time: 00:03:23

Health: 0/38       AC:  3    Str: 14    XL:     4   Next: 43%
Magic:  11/11      EV: 14    Int: 16    God:
Gold:   133        SH:  0    Dex: 14    Spells: 2/13 levels left

rFire    . . .     SeeInvis .   a - +0 spear
rCold    . . .     Gourm    .   (no shield)
rNeg     . . .     Faith    .   b - +0 leather armour
rPois    .         Spirit   .   (no helmet)
rElec    .         Reflect  .   (no cloak)
rCorr    .         Harm     .   (no gloves)
MR       .....                  (no boots)
Stlth    +.........             (no amulet)
HPRegen  0.12/turn              (no ring)
MPRegen  0.12/turn              (no ring)

@: no status effects
A: distributed training, fangs 1, strong nose
a: no special abilities


You were on level 3 of the Dungeon.
You were hungry.

You visited 1 branch of the dungeon, and saw 3 of its levels.

You collected 133 gold pieces.

Inventory:

Hand Weapons
 a - a +0 spear (weapon)
Armour
 b - a +0 leather armour (worn)
 p - a +0 buckler
 q - a +0 hat
 r - a +0 scale mail
Jewellery
 e - an uncursed ring of fire {unknown}
 l - an uncursed ring of flight {unknown}
 s - an uncursed amulet of harm {unknown}
 u - an uncursed ring of wizardry {unknown}
Scrolls
 i - a scroll of blinking {unknown}
 j - 2 scrolls of teleportation {unknown}
 k - a scroll of remove curse {unknown}
 m - a scroll of enchant armour {unknown}
 n - a scroll of fear {unknown}
 v - a scroll of magic mapping {unknown}
 x - a scroll of amnesia {unknown}
Potions
 c - 3 potions of heal wounds {unknown}
 f - a potion of cancellation {unknown}
 g - a potion of resistance {unknown}
 h - a potion of brilliance {unknown}
 o - a potion of lignification {unknown}
 w - a potion of agility {unknown}
Comestibles
 d - 2 rations


   Skills:
 + Level 4.6 Fighting
 + Level 1.1 Short Blades
 + Level 1.1 Long Blades
 + Level 1.1 Axes
 + Level 1.1 Maces & Flails
 + Level 4.6 Polearms
 + Level 1.1 Staves
 + Level 1.1 Slings
 + Level 1.1 Bows
 + Level 1.1 Crossbows
 + Level 1.1 Throwing
 + Level 2.7 Armour
 + Level 4.6 Dodging
 + Level 1.1 Stealth
 + Level 1.1 Shields
 + Level 1.1 Unarmed Combat
 + Level 5.0 Spellcasting
 + Level 0.8 Conjurations
 + Level 0.8 Hexes
 + Level 5.4 Charms
 + Level 0.8 Summonings
 + Level 0.8 Necromancy
 + Level 0.8 Translocations
 + Level 0.8 Transmutations
 + Level 0.8 Fire Magic
 + Level 0.8 Ice Magic
 + Level 0.8 Air Magic
 + Level 0.8 Earth Magic
 + Level 0.8 Poison Magic
 + Level 1.2 Invocations
 + Level 1.1 Evocations


You had 2 spell levels left.
You knew the following spells:

 Your Spells              Type           Power        Failure   Level  Hunger
a - Infusion              Chrm           ###.         1%          1    None
b - Song of Slaying       Chrm           ###.....     3%          2    #......
c - Shroud of Golubria    Chrm/Tloc      ##....       8%          2    #......
d - Regeneration          Chrm/Necr      ##........   16%         3    ###....
e - Spectral Weapon       Hex/Chrm       ##......     16%         3    ###....

Your spell library contained the following spells:

 Spells                   Type           Power        Failure   Level  Hunger


Dungeon Overview and Level Annotations

Branches:
Dungeon (3/15)

Altars:


Innate Abilities, Weirdness & Mutations

Your experience applies equally to all skills.
You have very sharp teeth.
Your uncanny sense of smell can sniff out nearby items.


Message History

The orc hits you but does no damage. The orc closely misses you.
You hit the orc.
The orc is severely wounded.
The orc closely misses you. The worm misses you. The orc closely misses you.
You closely miss the orc.
The orc is severely wounded.
You hit the orc but do no damage.
The orc is severely wounded.
The orc hits you with a +0 club. The orc hits you with a +0 war axe!
The worm bites you.
You closely miss the orc.
The orc is severely wounded.
The orc closely misses you. The orc hits you with a +0 war axe.
* * * LOW HITPOINT WARNING * * *
You hit the orc.
The orc is almost dead.
A frilled lizard comes into view.
The orc closely misses you. The worm closely misses you.
The orc hits you with a +0 war axe!
You die...

### ## ##.l ..
..# #
#.##.###.#.#
#..{o.......
####s#...#.#
#.#####o#....>.
#.....w@o......
...#######.##.#
# #


You could see a worm, 3 orcs, a giant cockroach and a frilled lizard
(wandering).

Vanquished Creatures
  An adder (D:2)
  2 leopard geckos (D:2)
  An orc (D:3)
  A ball python (D:2)
  9 bats
  5 giant cockroaches
  8 hobgoblins
  5 jackals (D:2)
  8 kobolds
  A quokka (D:2)
  4 frilled lizards
  9 goblins
  7 rats
61 creatures vanquished.

Notes
Turn   | Place    | Note
-------+----------+-------------------------------------------
     0 | D:1      | Lemonice the Gnoll Skald began the quest for the Orb.
     0 | D:1      | Reached XP level 1. HP: 20/20 MP: 6/6
    60 | D:1      | Reached XP level 2. HP: 21/26 MP: 7/7
   258 | D:1      | Reached XP level 3. HP: 23/31 MP: 9/9
   263 | D:1      | Reached skill level 5 in Spellcasting
   525 | D:2      | Learned a level 2 spell: Song of Slaying
   528 | D:2      | Learned a level 2 spell: Shroud of Golubria
   532 | D:2      | Learned a level 3 spell: Regeneration
   536 | D:2      | Learned a level 3 spell: Spectral Weapon
   579 | D:2      | Reached skill level 1 in Invocations
   673 | D:2      | Reached skill level 1 in Short Blades
   673 | D:2      | Reached skill level 1 in Long Blades
   673 | D:2      | Reached skill level 1 in Axes
   673 | D:2      | Reached skill level 1 in Maces & Flails
   673 | D:2      | Reached skill level 1 in Staves
   673 | D:2      | Reached skill level 1 in Slings
   673 | D:2      | Reached skill level 1 in Bows
   673 | D:2      | Reached skill level 1 in Crossbows
   673 | D:2      | Reached skill level 1 in Throwing
   673 | D:2      | Reached skill level 1 in Stealth
   673 | D:2      | Reached skill level 1 in Shields
   673 | D:2      | Reached skill level 1 in Unarmed Combat
   673 | D:2      | Reached skill level 1 in Evocations
   673 | D:2      | Reached XP level 4. HP: 26/38 MP: 7/11
  1085 | D:3      | Slain by an orc

Levels and vault maps discovered:
D:1:      dpeg_arrival_windows_large_door, layout_rooms, minmay_unequal
D:2:      layout_rooms, first_ration
D:3:      layout_loops_cross, kennysheep_pointless_box

Skill      XL: |  1  2  3 |
---------------+----------+-----
Spellcasting   | 5 |  5.0
Invocations    | 1 |  1.2
Short Blades   | 1 |  1.1
Long Blades    | 1 |  1.1
Axes           | 1 |  1.1
Maces & Flails | 1 |  1.1
Staves         | 1 |  1.1
Slings         | 1 |  1.1
Bows           | 1 |  1.1
Crossbows      | 1 |  1.1
Throwing       | 1 |  1.1
Stealth        | 1 |  1.1
Shields        | 1 |  1.1
Unarmed Combat | 1 |  1.1
Evocations     | 1 |  1.1
Fighting       | |  4.6
Polearms       | |  4.6
Armour         | |  2.7
Dodging        | |  4.6
Conjurations   | |  0.8
Hexes          | |  0.8
Charms         | |  5.4
Summonings     | |  0.8
Necromancy     | |  0.8
Translocations | |  0.8
Transmutations | |  0.8
Fire Magic     | |  0.8
Ice Magic      | |  0.8
Air Magic      | |  0.8
Earth Magic    | |  0.8
Poison Magic   | |  0.8

Action                   |  1- 3 |  4- 6 || total
-------------------------+-------+-------++-------
Melee: Spear             |   148 |    67 ||   215
       Bite              |    13 |     6 ||    19
       Punch             |     1 |     1 ||     2
 Cast: Infusion          |     1 |       ||     1
       Song of Slaying   |     1 |       ||     1
Armor: Leather armour    |    39 |    11 ||    50
Dodge: Dodged            |    97 |    50 ||   147
